 Dungeon Crawl Stone Soup version 0.29-a0-459-g97dee8cd24 (webtiles) character file.

Game seed: 13539607271579338038

220 valliere the Conjurer (level 6, -2/41 HPs)
             Began as a Human Conjurer on May 20, 2022.
             Was an Initiate of Vehumet.
             Slain by a gnoll
             ... wielding a +0 halberd
              (7 damage)
             ... on level 4 of the Dungeon on May 21, 2022.
             The game lasted 00:32:09 (4102 turns).

valliere the Conjurer (Human Conjurer)              Turns: 4102, Time: 00:32:10

Health: -2/41      AC:  6    Str: 13    XL:     6   Next: 18%
Magic:  5/11       EV: 10    Int: 21    God:    Vehumet [......]
Gold:   163        SH:  0    Dex: 11    Spells: 9/12 levels left

rFire   . . .      SeeInvis .   j - staff of poison
rCold   . . .      Faith    .   (no shield)
rNeg    . . .      Spirit   .   w - +0 ring mail
rPois   +          Reflect  .   (no helmet)
rElec   .          Harm     .   r - +0 cloak
rCorr   .          Rampage  .   (no gloves)
Will    .....                   (no boots)
Stlth   +.........              (no amulet)
HPRegen 0.13/turn               A - +6 ring of strength
MPRegen 0.12/turn               (no ring)

@: very slightly contaminated
A: no striking features
a: Renounce Religion


You were on level 4 of the Dungeon.
You worshipped Vehumet.
Vehumet was noncommittal.
You visited 2 branches of the dungeon, and saw 5 of its levels.

You collected 204 gold pieces.
You paid 41 gold pieces to Gozag.

Inventory:

Hand Weapons
 c - a +0 dagger
 d - a +0 dagger
 u - a +0 short sword
 v - a +1 morningstar of draining
Armour
 a - a +1 robe
 r - a +0 cloak (worn)
 w - a +0 ring mail (worn)
Magical Staves
 j - a staff of poison (weapon)
Jewellery
 A - a +6 ring of strength (left hand)
Wands
 y - a wand of flame (21)
Scrolls
 f - a scroll of amnesia
 i - a scroll of enchant armour
 l - 2 scrolls of teleportation {unknown}
 m - 3 scrolls of identify
 o - a scroll of enchant weapon {unknown}
 t - a scroll of fear {unknown}
 z - a scroll of immolation {unknown}
Potions
 b - a potion of magic
 g - a potion of might {unknown}
 h - 2 potions of curing {unknown}
 k - 2 potions of flight {unknown}
 n - 2 potions of heal wounds
 p - a potion of haste {unknown}
 q - a potion of mutation {unknown}
 s - a potion of resistance {unknown}
 x - a potion of lignification {unknown}


   Skills:
 - Level 2.0 Dodging
 - Level 2.4 Stealth
 * Level 3.7 Spellcasting
 * Level 5.4 Conjurations
 + Level 1.6 Poison Magic


You had 9 spell levels left.
You knew the following spells:

 Your Spells              Type           Power      Damage    Failure   Level
a - Magic Dart            Conj           100%       1d8       3%          1
b - Searing Ray           Conj           52%        2d6       4%          2

Your spell library contained the following spells:

 Spells                   Type           Power      Damage    Failure   Level
 Beastly Appendage        Tmut           6%         N/A       26%         1
 Dazzling Flash           Conj/Hex       30%        N/A       26%         3
 Stone Arrow              Conj/Erth      30%        3d8       26%         3
 Mephitic Cloud           Conj/Pois/Air  20%        N/A       30%         3
 Ensorcelled Hibernation  Hex/Ice        6%         N/A       38%         2
 Passwall                 Tmut/Erth      2%         N/A       38%         2
 Wereblood                Tmut           3%         N/A       38%         2
 Spider Form              Tmut/Pois      11%        N/A       50%         3
 Ignite Poison            Fire/Tmut/Pois 9%         N/A       54%         3
 Swiftness                Air            3%         N/A       63%         3
 Fulminant Prism          Conj/Hex       7%         3d7       65%         4
 Iskenderun's Mystic Bla  Conj/Tloc      15%        2d5       65%         4
 Animate Armour           Summ/Erth      6%         N/A       95%         4
 Freezing Cloud           Conj/Ice/Air   5%         6-21      98%         5
 Lehudib's Crystal Spear  Conj/Erth      7%         10d3      100%        8


Dungeon Overview and Level Annotations

Branches:
Dungeon (4/15)             Temple (1/1) D:4

Altars:
Cheibriados
Elyvilon
Gozag
Hepliaklqana
Makhleb
Okawaru
Qazlal
Ru
Sif Muna
Trog
Uskayaw
Vehumet
Wu Jian
Xom
Yredelemnul
Zin
The Shining One


Message History

The gnoll is severely wounded.
The gnoll hits you from afar with a +0 halberd.
Casting: Magic Dart (safe; 3% risk of failure)
Confirm with . or Enter, or press ? or * to list all spells.
Aiming: Magic Dart (safe; 3% risk of failure)
Press: ? - help, Shift-Dir - straight line, f/p - gnoll
Aim: a gnoll, wielding a +0 halberd (severely wounded, berserk, incited by Gozag, 100% to hit)
The magic dart hits the gnoll.
The gnoll is severely wounded.
The gnoll closely misses you.
Casting: Magic Dart (safe; 3% risk of failure)
Confirm with . or Enter, or press ? or * to list all spells.
Aiming: Magic Dart (safe; 3% risk of failure)
Press: ? - help, Shift-Dir - straight line, f/p - gnoll
Aim: a gnoll, wielding a +0 halberd (severely wounded, berserk, incited by Gozag, 100% to hit)
The magic dart hits the gnoll.
The gnoll is almost dead.
The gnoll closely misses you.
The gnoll hits you from afar with a +0 halberd!
Casting: Magic Dart (safe; 3% risk of failure)
Confirm with . or Enter, or press ? or * to list all spells.
Aiming: Magic Dart (safe; 3% risk of failure)
Press: ? - help, Shift-Dir - straight line, f/p - gnoll
Aim: a gnoll, wielding a +0 halberd (almost dead, berserk, incited by Gozag, 100% to hit)
You miscast Magic Dart.
You are very lightly contaminated with residual magic.
Nothing appears to happen.
The gnoll hits you from afar with a +0 halberd!
Casting: Magic Dart (safe; 3% risk of failure)
Confirm with . or Enter, or press ? or * to list all spells.
Aiming: Magic Dart (safe; 3% risk of failure)
Press: ? - help, Shift-Dir - straight line, f/p - gnoll
Aim: a gnoll, wielding a +0 halberd (almost dead, berserk, incited by Gozag, 100% to hit)
The magic dart hits the gnoll.
The gnoll is almost dead.
The gnoll barely misses you.
The gnoll hits you from afar with a +0 halberd!
* * * LOW HITPOINT WARNING * * *
The gnoll hits you from afar with a +0 halberd!
You die...

$ ######## #......#
.?#.####.### .
.......g.#.#####.# .
.......g.@........ .
.........#...###.# .#
..#.####.#)#.###.# .# . #
..#.......# .# .....
######)##### .# #...# #.#
.#####...# #######.#
..#.......###.......#
#..........##.####..#######


You could see a gnoll (berserk, incited) and a goblin.

Vanquished Creatures
  A scorpion (D:3)
  Terence (D:3)
  3 gnolls (D:4)
  4 adders
  A worm (D:2)
  2 dart slugs (D:1)
  An orc (D:3)
  6 ball pythons
  5 endoplasms
  3 goblins
  6 hobgoblins
  7 quokkas
  9 bats
  2 frilled lizards
  9 kobolds
  5 rats
65 creatures vanquished.

Notes
Turn   | Place    | Note
-------+----------+-------------------------------------------
     0 | D:1      | valliere the Human Conjurer began the quest for the Orb.
     0 | D:1      | Reached XP level 1. HP: 13/13 MP: 3/3
   207 | D:1      | Reached XP level 2. HP: 19/19 MP: 3/5
   426 | D:1      | Reached XP level 3. HP: 24/24 MP: 0/6
   828 | D:1      | Found a faded altar of an unknown god.
  1498 | D:2      | Learned a level 2 spell: Searing Ray
  1515 | D:2      | Reached XP level 4. HP: 30/30 MP: 2/8
  2701 | D:3      | Found an opulent altar of Gozag.
  2716 | D:3      | Became a worshipper of Gozag Ym Sagoz the Greedy
  2799 | D:3      | Noticed a scorpion
  2804 | D:3      | Killed a scorpion
  2805 | D:3      | Reached skill level 5 in Conjurations
  2805 | D:3      | Reached skill level 1 in Poison Magic
  2805 | D:3      | Reached XP level 5. HP: 35/35 MP: 2/10
  3365 | D:3      | Noticed Terence
  3377 | D:3      | Killed Terence
  3778 | D:4      | Found a hide-covered altar of Uskayaw.
  3780 | D:4      | Reached XP level 6. HP: 41/41 MP: 9/11
  3877 | D:4      | Found a staircase to the Ecumenical Temple.
  3889 | Temple   | Entered the Ecumenical Temple
  3927 | Temple   | Fell from the grace of Gozag
  3927 | Temple   | Became a worshipper of Vehumet
  4102 | D:4      | Slain by a gnoll

Illustrated notes

Levels and vault maps discovered:
D:1:      onia_arrival_pyramid, layout_loops_ring,
          hellmonk_ecumenical_altar_leap_of_faith
D:2:      layout_loops_corners
D:3:      layout_basic, mainiacjoe_overflow_catwalk, serial_bayou_lagoon_a,
          lightli_corner_chamber, uniq_terence
D:4:      layout_loops_cross, kennysheep_little_box, kennysheep_mini,
          minmay_temple_entry_slanted, item_on_display_a
Temple:   nicolae_temple_no_exploring_needed

Skill      XL: |  1  2  3  4 |
---------------+-------------+-----
Spellcasting   | 3 |  3.7
Conjurations   | 5 |  5.4
Poison Magic   | 1 |  1.6
Dodging        | |  2.0
Stealth        | |  2.4

Action                   |  1- 3 |  4- 6 || total
-------------------------+-------+-------++-------
Melee: Dagger            |    14 |       ||    14
       Staff             |     2 |       ||     2
 Cast: Magic Dart        |    55 |    69 ||   124
       Searing Ray       |       |     6 ||     6
  Use: Scroll            |       |     3 ||     3
 Stab: Sleeping          |     1 |       ||     1
Armor: Robe              |     7 |     4 ||    11
Dodge: Dodged            |    17 |     7 ||    24

Table legend: (Time is in decaauts)
 A = Elapsed time spent in this place.
 B = Non-inter-level travel time spent in this place.
 C = Inter-level travel time spent in this place.
 D = Time resting spent in this place.
 E = Time spent auto-exploring this place.
 F = Levels seen in this place.
 G = Mean time per level.
                   A        B        C        D        E       F      G
               +--------+--------+--------+--------+--------+-----+--------+
         Total |   4122 |   4046 |     76 |      0 |   3540 |   5 |  824.4 |
       Dungeon |   4072 |   3996 |     76 |      0 |   3540 |   4 | 1018.0 |
        Temple |     49 |     49 |      0 |      0 |      0 |   1 |   49.0 |
               +--------+--------+--------+--------+--------+-----+--------+

Top non-repeatable levels by time:
     D:1: 1461 daAuts
     D:3: 1215 daAuts
     D:2: 1081 daAuts
     D:4: 313 daAuts
  Temple: 49 daAuts
